 Dungeon Crawl Stone Soup version 0.14.0-12-g87ee3b7 (webtiles) character file.

356 tizzy the Poker (level 5, -2/38 HPs)
             Began as a Demonspawn Gladiator on Apr 16, 2014.
             Slain by a hobgoblin (3 damage)
             ... on Level 4 of the Dungeon.
             The game lasted 00:06:38 (2536 turns).

tizzy the Poker (Demonspawn Gladiator)              Turns: 2536, Time: 00:06:38

HP  -2/38        AC  6     Str 16      XL: 5   Next: 46%
MP   5/5         EV 11     Int 10      God:
Gold 159         SH  7     Dex 13      Spells:  0 memorised,  4 levels left

rFire  . . .     SeeInvis .     a - +0 trident
rCold  . . .     Clarity  .     b - +0 leather armour
rNeg   . . .     Conserve .     u - +0 buckler
rPois  .         rCorr    .     c - +0 helmet
rElec  .         rRot     .     (no cloak)
SustAb . .       Spirit   .     p - +0 pair of gloves
rMut   .         Warding  .     (no boots)
Saprov . . .     Stasis   .     (no amulet)
MR     .....                    (no ring)
                                (no ring)

@: not resistant to hostile enchantments, very unstealthy
A: molten scales 1, conserve scrolls, powered by death 1
a: no special abilities


You were on level 4 of the Dungeon.
You were not hungry.

You visited 1 branch of the dungeon, and saw 4 of its levels.

You collected 159 gold pieces.

Inventory:

Hand weapons
 a - a +0,+0 trident (weapon)
Missiles
 d - 3 throwing nets (quivered)
 t - 22 poisoned needles
 v - 5 tomahawks
Armour
 b - a +0 leather armour (worn)
 c - a +0 helmet (worn)
 p - a +0 pair of gloves (worn)
 u - a +0 buckler (worn)
Magical devices
 y - a wand of paralysis (7)
Comestibles
 f - 2 bread rations
 g - 4 pears
 l - 3 meat rations
 o - an apple
 q - a chunk of orc flesh
 r - a slice of pizza
 s - 2 chunks of orc flesh
 x - a royal jelly
 A - a rotting chunk of orc flesh
Scrolls
 h - 2 scrolls of blinking
 i - 4 scrolls of amnesia
 m - a scroll of identify
 n - a scroll of enchant weapon II {unknown}
Potions
 e - 3 potions of heal wounds
 j - 5 potions of curing
 k - a potion of beneficial mutation {unknown}
 w - a potion of might {unknown}


   Skills:
 - Level 2.0 Fighting
 * Level 5.7 Polearms
 - Level 1.7 Throwing
 - Level 2.6 Dodging


You had 4 spell levels left.
You didn't know any spells.

Dungeon Overview and Level Annotations

Branches:
Dungeon (4/15)
 Temple: D:4-7

Altars:


Innate Abilities, Weirdness & Mutations

You are partially covered in molten scales (AC +1).
You are very good at protecting items from fire.
You can steal the life force of nearby defeated enemies.


Message History

Aim: an ogre, wielding a giant spiked club The ogre resists.
The ogre completely misses you.
Evoke which item? (* to show all) (? for menu, Esc to quit)
Zapping:
y - a wand of paralysis {zapped: 7}
Press: ? - help, Shift-Dir - straight line, f/p - ogre
Aim: an ogre, wielding a giant spiked club The ogre resists.
The ogre closely misses you.
Evoke which item? (* to show all) (? for menu, Esc to quit)
Zapping:
y - a wand of paralysis {zapped: 8}
Press: ? - help, Shift-Dir - straight line, f/p - ogre
Aim: an ogre, wielding a giant spiked club The ogre suddenly stops moving!
The helpless ogre fails to defend itself.
You puncture the ogre!
The ogre is heavily wounded.
The helpless ogre fails to defend itself.
You hit the ogre.
The ogre is heavily wounded.
The hobgoblin hits you.
You die...

#.......# #.......# #....l..#
#.......# #..)....# #.......#
#.......# #...g...# #..@O...#
#.......# #.......#
##############.......########.
..............................#
........(........(......%.....#
.........>...........%........#
...................>(..........
...................)........)..


You could see an ogre (paralysed), a hobgoblin and a giant newt.

Vanquished Creatures
  An orc priest (D:3)
  A worker ant (D:3)
  Jessica (D:3)
  3 adders
  3 giant geckos
  2 oozes
  5 orcs
  14 bats
  A bat skeleton (D:4)
  5 giant cockroaches
  8 hobgoblins
  11 jackals
  4 quokkas
  3 giant newts
  10 goblins
  6 kobolds
  9 rats
87 creatures vanquished.

Notes
Turn   | Place    | Note
--------------------------------------------------------------
     0 | D:1      | tizzy, the Demonspawn Gladiator, began the quest for the Orb.
     0 | D:1      | Reached XP level 1. HP: 16/16 MP: 1/1
    71 | D:1      | Reached skill level 3 in Polearms
   109 | D:1      | Gained mutation: You are partially covered in molten scales (AC +1). [demonic ancestry]
   109 | D:1      | Reached XP level 2. HP: 6/22 MP: 2/2
   592 | D:1      | Reached XP level 3. HP: 24/27 MP: 3/3
   870 | D:2      | Reached skill level 4 in Polearms
  1369 | D:2      | Gained mutation: You can steal the life force of nearby defeated enemies. [demonic ancestry]
  1369 | D:2      | Reached XP level 4. HP: 25/33 MP: 4/4
  1886 | D:4      | Noticed an ogre
  2043 | D:3      | Noticed a phantom
  2189 | D:3      | Noticed Jessica
  2196 | D:3      | Killed Jessica
  2196 | D:3      | Reached skill level 5 in Polearms
  2272 | D:3      | Gained mutation: You are very good at protecting items from fire. [demonic ancestry]
  2272 | D:3      | Reached XP level 5. HP: 38/38 MP: 5/5
  2531 | D:4      | HP: 1/38 [ogre/giant spiked club (21)]
  2536 | D:4      | Slain by a hobgoblin

Action                   |  1- 3 |  4- 6 || total
-------------------------+-------+-------++-------
Melee: Trident           |   164 |   141 ||   305
Evoke: Wand              |       |     9 ||     9
  Use: Scroll            |       |     7 ||     7
 Stab: Sleeping          |     1 |     1 ||     2
       Paralysed         |       |     2 ||     2
